 Dungeon Crawl Stone Soup version 0.28-a0-10-g964c8b829e (webtiles) character file.

Game seed: 12475507810395276816

931 ipx the Chiller (level 7, -4/36 HPs)
             Began as a Deep Elf Ice Elementalist on July 25, 2021.
             Slain by a mummy (13 damage)
             ... in an ossuary.
             The game lasted 00:29:07 (1868 turns).

ipx the Chiller (Deep Elf Ice Elementalist)         Turns: 1868, Time: 00:29:08

Health: -4/36      AC: 13    Str:  5    XL:     7   Next: 86%
Magic:  19/25      EV: 12    Int: 22    God:
Gold:   161        SH:  0    Dex: 15    Spells: 5/16 levels left

rFire   . . .      SeeInvis .   b - +1 spear (flame)
rCold   . . .      Faith    .   (no shield)
rNeg    . . .      Spirit   .   s - +0 robe
rPois   .          Reflect  .   j - +0 helmet
rElec   .          Harm     .   i - +0 cloak
rCorr   .          Rampage  .   h - +0 pair of gloves
Will    +....                   (no boots)
Stlth   ++........              (no amulet)
HPRegen 0.12/turn               M - ring of magical power
MPRegen 0.19/turn               m - ring of willpower

@: ice-armoured, freezing walls
A: no striking features
a: no special abilities


You were in an ossuary.
You visited 1 branch of the dungeon, and saw 8 of its levels.
You also visited: Ossuary.

You collected 161 gold pieces.

Inventory:

Hand Weapons
 a - a +2 dagger of venom
 b - a +1 spear of flaming (weapon)
 t - a +0 halberd
Missiles
 n - 2 boomerangs
 v - 8 javelins
Armour
 h - a +0 pair of gloves (worn)
 i - a +0 cloak (worn)
 j - a +0 helmet (worn)
 s - a +0 robe (worn)
Jewellery
 k - an amulet of faith
 m - a ring of willpower (right hand)
 M - a ring of magical power (left hand)
Wands
 x - a wand of paralysis (1)
Scrolls
 c - a scroll of magic mapping {unknown}
 d - a scroll of amnesia {unknown}
 f - a scroll of enchant armour {unknown}
 g - a scroll of brand weapon {unknown}
 o - a scroll of vulnerability {unknown}
 q - a scroll of fog {unknown}
 r - a scroll of noise
 A - a scroll of identify {unknown}
 W - 2 scrolls of blinking
Potions
 e - a potion of invisibility {unknown}
 p - 2 potions of flight
 u - a potion of haste {unknown}
 w - 2 potions of cancellation
 z - a potion of brilliance {unknown}


   Skills:
 - Level 2.4 Dodging
 - Level 2.4 Stealth
 - Level 5.0 Spellcasting
 + Level 6.1 Conjurations
 + Level 7.7 Ice Magic
 + Level 2.2 Evocations


You had 5 spell levels left.
You knew the following spells:

 Your Spells              Type           Power      Damage    Failure   Level
a - Hailstorm             Conj/Ice       35%        3d9       6%          4
o - Ozocubu's Armour      Ice            39%        N/A       1%          3
r - Frozen Ramparts       Ice            78%        1d9       1%          3
z - Freeze                Ice            100%       1d11      1%          1

Your spell library contained the following spells:

 Spells                   Type           Power      Damage    Failure   Level
 Dazzling Flash           Conj/Hex       36%        N/A       9%          3
 Iskenderun's Mystic Bla  Conj/Tloc      18%        2d6       28%         4
 Freezing Cloud           Conj/Ice/Air   12%        6-21      38%         5
 Simulacrum               Ice/Necr       11%        N/A       97%         6
 Starburst                Conj/Fire      9%         8x6d5     99%         6
 Polar Vortex             Ice            19%        N/A       100%        9


Dungeon Overview and Level Annotations

Branches:
Dungeon (8/15)            Ossuary (1/1)
 Temple: D:4-7         Lair: D:8-11

Altars:
Makhleb

Annotations:
D:5 Edmund


Message History

The floor.
It was a potion of flight.
You feel very buoyant.
You fly up into the air.
It was a potion of cancellation.
Your magical effects are unravelling.
You feel magically purged.
You float gracefully downwards.
The mummy barely misses you.
It was a potion of curing.
You feel better.
Casting: Ozocubu's Armour (safe; 1% risk of failure)
Confirm with . or Enter, or press ? or * to list all spells.
A film of ice covers your body!
Casting: Ozocubu's Armour (safe; 1% risk of failure)
Confirm with . or Enter, or press ? or * to list all spells.
Casting: Frozen Ramparts (safe; 1% risk of failure)
Press: ? - help, Dir - look around, f - activate The walls around you are covered in ice.
The mummy resists.
The wall freezes the mummy.
The mummy resists.
The wall freezes the mummy.
The mummy hits you.
You hit the mummy. You burn the mummy.
The mummy is moderately damaged.
The mummy resists.
The wall freezes the mummy.
The mummy misses you.
You closely miss the mummy.
The mummy is moderately damaged.
The mummy resists.
The wall freezes the mummy.
The mummy hits you.
* * * LOW HITPOINT WARNING * * *
You hit the mummy but do no damage.
The mummy is heavily damaged.
The mummy resists.
The wall freezes the mummy.
The mummy barely misses you.
The mummy resists.
The wall freezes the mummy.
The mummy hits you!
* * * LOW HITPOINT WARNING * * *
You feel better.
Aiming: Paralyse
Press: ? - help, Shift-Dir - straight line, f - mummy
Aim: a mummy (heavily damaged, chance to affect: 51%)
The mummy resists with significant effort.
The mummy resists.
The wall freezes the mummy!
The mummy hits you.
* * * LOW HITPOINT WARNING * * *
The mummy resists.
The wall freezes the mummy.
The mummy hits you!
You die...

###### ###########
.#...#!!??#...#...#
.'.∩.#!:?!+.∩.'...#
.#...#????#...#...#
.##### ##### #...#
.# #...# ## ###M#
.# #.@M# .# #...#
.# #...# .# #...#
## ##'## .# #...#
.# #...# .# #...#
.# #...#


You could see 2 mummies.

Vanquished Creatures
  A water moccasin (D:5)
  An ogre (D:6)
  A kobold brigand (D:7)
  2 scorpions
  4 water moccasin zombies (Ossuary)
  A centaur zombie (D:5)
  A bullfrog zombie (D:5)
  A jelly (D:5)
  A centaur skeleton (D:7)
  An iguana (D:4)
  An orc wizard (D:5)
  7 gnolls (D:4)
  3 adders
  An ufetubus (D:5)
  An adder zombie (Ossuary)
  A worm (D:2)
  8 orcs (D:5)
  3 bats
  2 endoplasms
  4 gnoll zombies (Ossuary)
  2 hobgoblins
  4 quokkas
  4 ball pythons
  5 frilled lizards
  5 goblins
  3 hobgoblin zombies (Ossuary)
  6 kobolds
  2 kobold zombies (Ossuary)
  7 orc zombies (Ossuary)
  3 rats
86 creatures vanquished.

Vanquished Creatures (others)
  3 fungi (D:1)
  2 plants (D:1)
5 creatures vanquished.

Grand Total: 91 creatures vanquished

Notes
Turn   | Place    | Note
-------+----------+-------------------------------------------
     0 | D:1      | ipx the Deep Elf Ice Elementalist began the quest for the
                  | Orb.
     0 | D:1      | Reached XP level 1. HP: 10/10 MP: 6/6
   242 | D:1      | Reached XP level 2. HP: 15/15 MP: 8/8
   259 | D:1      | Reached skill level 5 in Ice Magic
   289 | D:1      | Found a faded altar of an unknown god.
   344 | D:3      | Found a burning altar of Makhleb.
   591 | D:2      | Reached XP level 3. HP: 19/19 MP: 9/9
   595 | D:2      | Learned a level 3 spell: Frozen Ramparts
   599 | D:2      | Learned a level 3 spell: Ozocubu's Armour
   741 | D:5      | Entered Level 5 of the Dungeon
   907 | D:4      | Noticed a scorpion
   913 | D:4      | Killed a scorpion
   914 | D:4      | Reached skill level 6 in Ice Magic
   914 | D:4      | Reached XP level 4. HP: 24/24 MP: 12/12
   920 | D:4      | Learned a level 4 spell: Hailstorm
   998 | D:4      | Reached XP level 5. HP: 28/28 MP: 14/14
  1007 | D:4      | Reached skill level 1 in Conjurations
  1053 | D:5      | Reached skill level 5 in Spellcasting
  1292 | D:5      | Reached XP level 6. HP: 29/32 MP: 15/15
  1388 | D:5      | Noticed a water moccasin
  1393 | D:5      | Killed a water moccasin
  1394 | D:5      | Reached skill level 1 in Evocations
  1418 | D:5      | Noticed Edmund
  1512 | D:6      | Reached skill level 7 in Ice Magic
  1512 | D:6      | Reached XP level 7. HP: 32/36 MP: 16/16
  1547 | D:7      | Reached skill level 5 in Conjurations
  1607 | D:7      | Found a sand-covered staircase.
  1612 | Ossuary  | Entered an ossuary
  1868 | Ossuary  | Slain by a mummy

Illustrated notes

Levels and vault maps discovered:
D:1:      psy_arrival_conway, layout_basic, dreamdust_ecumenical_altar_grove,
          minmay_curled_crystal
D:2:      layout_loops_cross, basic_altar
D:3:      layout_basic, marbit_many_paths, kennysheep_another_room,
          minmay_misc_feat_roman, uniq_robin
D:4:      layout_basic, minmay_misc_feat_ornament
D:5:      layout_basic, uniq_edmund
D:6:      layout_basic, minmay_temple_entry_waves
D:7:      layout_loops_cross, enter_ossuary_2, chequers_big_river,
          minmay_crystal_room, st_stairs_4, uniq_maggie
D:8:      layout_gridville, nicolae_ru_awakened_eye,
          mainiacjoe_overflow_alcove_1, grunt_decor_mini_mirrors, uniq_pikel,
          uniq_maurice
Ossuary:  ossuary_tomb_2

Skill      XL: |  1  2  3  4  5  6  7 |
---------------+----------------------+-----
Ice Magic      | 5 6 7 |  7.7
Spellcasting   | 4 5 |  5.0
Conjurations   | 2 4 6 |  6.1
Evocations     | 1 2 |  2.2
Dodging        | |  2.4
Stealth        | |  2.4

Action                   |  1- 3 |  4- 6 |  7- 9 || total
-------------------------+-------+-------+-------++-------
Melee: Spear             |       |    26 |    92 ||   118
       Halberd           |       |     3 |       ||     3
 Cast: Freeze            |    49 |    14 |       ||    63
       Frozen Ramparts   |     2 |     9 |    11 ||    22
       Ozocubu's Armour  |     1 |     8 |     9 ||    18
Evoke: Wand              |     1 |    10 |     9 ||    20
  Use: Potion            |       |       |     4 ||     4
       Scroll            |       |       |     2 ||     2
 Stab: Paralysed         |       |    10 |       ||    10
       Sleeping          |       |       |     1 ||     1
Armor: Robe              |     4 |    14 |    39 ||    57
Dodge: Dodged            |    16 |    30 |    49 ||    95

Table legend: (Time is in decaauts)
 A = Elapsed time spent in this place.
 B = Non-inter-level travel time spent in this place.
 C = Inter-level travel time spent in this place.
 D = Time resting spent in this place.
 E = Time spent auto-exploring this place.
 F = Levels seen in this place.
 G = Mean time per level.
                   A        B        C        D        E       F      G
               +--------+--------+--------+--------+--------+-----+--------+
         Total |   1919 |   1838 |     81 |      0 |      0 |   9 |  213.2 |
       Dungeon |   1625 |   1544 |     81 |      0 |      0 |   8 |  203.1 |
       Ossuary |    293 |    293 |      0 |      0 |      0 |   1 |  293.0 |
               +--------+--------+--------+--------+--------+-----+--------+

Top non-repeatable levels by time:
     D:1: 347 daAuts
     D:2: 308 daAuts
     D:3: 297 daAuts
 Ossuary: 293 daAuts
     D:4: 285 daAuts
     D:5: 229 daAuts
     D:6: 74 daAuts
     D:7: 68 daAuts
     D:8: 13 daAuts
